 Dungeon Crawl Stone Soup version 0.29-a0-728-g6bb282b620 (webtiles) character file.

Game seed: 14803425851795773905

1201 Essalna the Trooper (level 8, -17/61 HPs)
             Began as a Djinni Conjurer on June 29, 2022.
             Was an Initiate of Hepliaklqana.
             Demolished by Duvessa
             ... wielding a +0 short sword
              (21 damage)
             ... on level 6 of the Dungeon.
             The game lasted 00:10:20 (6503 turns).

Essalna the Trooper (Djinni Conjurer)               Turns: 6503, Time: 00:10:20

Health: -17/61     AC:  3    Str:  6    XL:     8   Next: 72%
Gold:   329        EV: 11    Int: 22    God:    Hepliaklqana [......] SH:  5 Dex: 12

rFire   + + .      SeeInvis .   (no weapon)
rCold   x . .      Faith    .   u - +0 buckler
rNeg    . . .      Spirit   .   a - +0 robe
rPois   ∞          Reflect  .   (no helmet)
rElec   .          Harm     .   (no cloak)
rCorr   .          Rampage  .   m - +0 pair of gloves
Will    .....                   (boots unavailable)
Stlth   ++........              (no amulet)
HPRegen 0.20/turn               (no ring)
MPRegen 0.00/turn               (no ring)

@: attractive, flying
A: sickness immunity, fire resistance 2, cold vulnerability 1, float, innate
caster, HP casting, extra vitality 1
a: Renounce Religion


You were on level 6 of the Dungeon.
You worshipped Hepliaklqana.
Hepliaklqana was noncommittal.
You visited 2 branches of the dungeon, and saw 7 of its levels.

You collected 329 gold pieces.

Inventory:

Armour
 a - a +0 robe (worn)
 m - a +0 pair of gloves (worn)
 u - a +0 buckler (worn)
Jewellery
 i - a ring of fire
 w - a ring of ice
Scrolls
 b - 4 scrolls of identify {unknown}
 d - 5 scrolls of teleportation {unknown}
 e - 2 scrolls of poison {unknown}
 f - 2 scrolls of blinking {unknown}
 g - a scroll of fog {unknown}
 j - a scroll of enchant armour {unknown}
 l - 2 scrolls of enchant weapon {unknown}
 n - 3 scrolls of noise {unknown}
 o - a scroll of amnesia {unknown}
 p - a scroll of immolation {unknown}
 q - a scroll of vulnerability {unknown}
 t - a scroll of magic mapping {unknown}
 v - a scroll of brand weapon {unknown}
 y - a scroll of silence {unknown}
Potions
 c - 2 potions of attraction
 h - a potion of might {unknown}
 k - a potion of degeneration {unknown}
 r - 2 potions of cancellation {unknown}
 s - a potion of ambrosia {unknown}
 x - a potion of magic {unknown}
 z - a potion of heal wounds {unknown}
 A - a potion of curing {unknown}
 B - 2 potions of berserk rage {unknown}


   Skills:
 + Level 6.1 Fighting
 - Level 2.1 Dodging
 - Level 1.5 Stealth
 - Level 4.0 Shields
 + Level 5.8 Spellcasting


You couldn't memorise any spells.
You knew the following spells:

 Your Spells              Type           Power      Damage    Failure   Level
a - Magic Dart            Conj           100%       1d8       1%          1
b - Searing Ray           Conj           64%        2d6       1%          2
c - Dazzling Flash        Conj/Hex       64%        N/A       3%          3
d - Fulminant Prism       Conj/Hex       16%        3d11      11%         4
e - Iskenderun's Mystic   Conj/Tloc      32%        2d8       11%         4
f - Summon Small Mammal   Summ           100%       N/A       1%          1
g - Static Discharge      Conj/Air       32%        N/A       1%          2
h - Passwall              Tmut/Erth      26%        N/A       1%          2
Your spell library was empty.

Dungeon Overview and Level Annotations

Branches:
Dungeon (6/15)             Temple (1/1) D:5

Altars:
Cheibriados
Dithmenos
Elyvilon
Gozag
Hepliaklqana
Nemelex Xobeh
Ru
Trog
Zin
The Shining One

Annotations:
D:6 Duvessa


Innate Abilities, Weirdness & Mutations

You are immune to sickness and miasma.
You are immune to poison.
Your flesh is very heat resistant. (rF++)
You are vulnerable to cold. (rC-)
You float through the air rather than walking.
You learn spells naturally, not from books.
Your magical power is your life essence.
You have superior vitality. (+4 MHP)


Message History

(Press . to maintain the ray.) Duvessa hits you with a +0 short sword!
The searing ray hits Duvessa but does no damage.
Duvessa is moderately wounded.
The searing ray hits Dowan!
Dowan is severely wounded.
Duvessa hits you with a +0 short sword!
The searing ray hits Duvessa!
Duvessa is heavily wounded.
The searing ray hits Dowan!
You kill Dowan!
Duvessa screams, "No!
How DARE you!"
Duvessa goes berserk!
Duvessa barely misses you.
The searing ray hits Duvessa but does no damage.
Duvessa is heavily wounded.
* * * LOW HITPOINT WARNING * * *
You finish channelling your searing ray.
Duvessa hits you with a +0 short sword!
* * * LOW HITPOINT WARNING * * *
Duvessa misses you.
Okay, then.
Okay, then.
Casting: Searing Ray (safe; 1% risk of failure)
Confirm with . or Enter, or press ? or * to list all spells.
Okay, then.
Unknown command.
Casting: Searing Ray (safe; 1% risk of failure)
Confirm with . or Enter, or press ? or * to list all spells.
Casting: Dazzling Flash (dangerous; 3% risk of failure)
Press: ? - help, Dir - look around, f - activate
Okay, then.
Unknown command.
Casting: Dazzling Flash (dangerous; 3% risk of failure)
Confirm with . or Enter, or press ? or * to list all spells.
You don't have enough health to cast this spell.
Okay, then.
It was a potion of attraction.
You feel attractive to monsters.
Duvessa hits you with a +0 short sword!!
You die...

... #.# #.#
#.# .). #?#
#e# ####@#
#..#)#
#....#########
#............#
#....#######.#
#..... #.#
#...... #.##
#.#..^## #..#
...##.##
##.#######


You could see Duvessa (berserk).

Vanquished Creatures
  Grinder (D:4)
  2 black bears
  An ice beast (D:5)
  An ogre (D:6)
  A centaur (D:5)
  3 scorpions
  Dowan (D:6)
  2 orc priests (D:5)
  Jessica (D:3)
  2 iguanas
  2 orc wizards
  4 gnolls (D:5)
  4 adders
  A shadow imp (D:5)
  A dart slug (D:1)
  8 orcs
  5 ball pythons
  14 endoplasms
  7 giant cockroaches
  6 goblins
  5 hobgoblins
  6 quokkas
  4 bats (D:2)
  5 frilled lizards
  2 kobolds
  9 rats
98 creatures vanquished.

Vanquished Creatures (others)
  4 toadstools (D:1)
4 creatures vanquished.

Grand Total: 102 creatures vanquished

Notes
Turn   | Place    | Note
-------+----------+-------------------------------------------
     0 | D:1      | Essalna the Djinni Conjurer began the quest for the Orb.
     0 | D:1      | Essalna set off with the following spells memorised: Magic
                  | Dart, Searing Ray, Dazzling Flash, Fulminant Prism,
                  | Iskenderun's Mystic Blast.
     0 | D:1      | Reached XP level 1. HP: 15/15 MP: 0/0
   300 | D:1      | Reached skill level 1 in Fighting
   300 | D:1      | Reached XP level 2. HP: 20/22 MP: 0/0
   952 | D:1      | Found a faded altar of an unknown god.
  1297 | D:1      | Reached XP level 3. HP: 26/27 MP: 0/0
  1297 | D:1      | Learned a level 1 spell: Summon Small Mammal
  1754 | D:2      | Reached skill level 2 in Fighting
  2000 | D:2      | Reached XP level 4. HP: 30/33 MP: 0/0
  2418 | D:2      | Found a glowing golden altar of the Shining One.
  3023 | D:3      | Identified the +4 ring mail of the Swamp {Harm rElec rPois
                  | rC-}
  3034 | D:3      | Noticed Jessica
  3037 | D:3      | Killed Jessica
  3038 | D:3      | Reached XP level 5. HP: 36/40 MP: 0/0
  3038 | D:3      | Learned a level 2 spell: Static Discharge
  3210 | D:3      | Reached skill level 3 in Fighting
  3236 | D:3      | Found a sacrificial altar of Ru.
  3914 | D:4      | Noticed a black bear
  3921 | D:4      | Killed a black bear
  3922 | D:4      | Reached skill level 1 in Shields
  3922 | D:4      | Reached XP level 6. HP: 39/47 MP: 0/0
  3996 | D:4      | Found a snail-covered altar of Cheibriados.
  4150 | D:4      | Found a white marble altar of Elyvilon.
  4202 | D:4      | Noticed Grinder
  4218 | D:4      | Killed Grinder
  4219 | D:4      | Reached skill level 4 in Fighting
  4219 | D:4      | Reached XP level 7. HP: 34/52 MP: 0/0
  4219 | D:4      | Learned a level 2 spell: Passwall
  4778 | D:4      | Reached skill level 5 in Spellcasting
  5013 | D:5      | Entered Level 5 of the Dungeon
  5302 | D:5      | Reached XP level 8. HP: 33/58 MP: 0/0
  5458 | D:5      | Reached skill level 5 in Fighting
  6210 | D:5      | Found a staircase to the Ecumenical Temple.
  6220 | Temple   | Entered the Ecumenical Temple
  6315 | Temple   | Became a worshipper of Hepliaklqana the Forgotten
  6444 | D:6      | Reached skill level 6 in Fighting
  6488 | D:6      | Noticed Duvessa
  6491 | D:6      | Noticed Dowan
  6501 | D:6      | Killed Dowan
  6503 | D:6      | Demolished by Duvessa

Illustrated notes

Levels and vault maps discovered:
D:1:      ldierk_walled_garden_2, layout_basic, serial_co_window_serial,
          co_window_paths_a, co_window_of_opportunity_a,
          co_window_of_opportunity_a, co_window_of_opportunity_a,
          co_window_paths_a, co_window_corner_a, co_window_paths_a,
          co_window_cross_1, co_window_paths_a, co_window_unsneaky_path_d,
          co_window_2corner, co_window_2corner, co_window_broadway_b,
          co_window_of_opportunity_b, co_window_paths_d, glass_columns_a,
          dreamdust_ecumenical_altar_angels_and_demons
D:2:      layout_basic, basic_altar, hangedman_decor_diamond_cutter
D:3:      layout_loops_ring, nicolae_ru_sacrificial_ziggurat, uniq_jessica
D:4:      layout_loops_ring, cheibriados_altar_1, mainiacjoe_overflow_24_doors,
          uniq_grinder
D:5:      layout_layer_cave, minmay_temple_entry_poolview
D:6:      minmay_recursive_quarters, layout_loops_corners, corexii_checkpoint_b,
          serial_park_tiny_pond, uniq_duvessa, uniq_edmund
Temple:   nicolae_temple_figure_eight

Skill      XL: |  1  2  3  4  5  6  7  8 |
---------------+-------------------------+-----
Fighting       | 1 2 3 4 6 |  6.1
Spellcasting   | 4 5 |  5.8
Shields        | 1 2 3 4 |  4.0
Dodging        | |  2.1
Stealth        | |  1.5

Action                   |  1- 3 |  4- 6 |  7- 9 || total
-------------------------+-------+-------+-------++-------
Melee: Unarmed           |       |       |     1 ||     1
 Cast: Magic Dart        |    64 |    77 |    21 ||   162
       Searing Ray       |     1 |     7 |    17 ||    25
       Iskenderun's Myst |       |       |     6 ||     6
  Use: Potion            |       |       |     1 ||     1
Armor: Robe              |       |     2 |     4 ||     6
Dodge: Dodged            |       |     7 |    14 ||    21
Block: Buckler           |       |     5 |     2 ||     7

Table legend: (Time is in decaauts)
 A = Elapsed time spent in this place.
 B = Non-inter-level travel time spent in this place.
 C = Inter-level travel time spent in this place.
 D = Time resting spent in this place.
 E = Time spent auto-exploring this place.
 F = Levels seen in this place.
 G = Mean time per level.
                   A        B        C        D        E       F      G
               +--------+--------+--------+--------+--------+-----+--------+
         Total |   6503 |   6303 |    200 |    249 |   5491 |   7 |  929.0 |
       Dungeon |   6377 |   6207 |    170 |    249 |   5402 |   6 | 1062.8 |
        Temple |    126 |     96 |     30 |      0 |     89 |   1 |  126.0 |
               +--------+--------+--------+--------+--------+-----+--------+

Top non-repeatable levels by time:
     D:1: 1657 daAuts
     D:4: 1417 daAuts
     D:2: 1323 daAuts
     D:5: 1003 daAuts
     D:3: 867 daAuts
  Temple: 126 daAuts
     D:6: 107 daAuts
